 Dungeon Crawl Stone Soup version 0.29-a0-839-g4793fd635e (webtiles) character file.

Game seed: 13406028131593320137

217 Malachi the Trooper (level 5, -6/47 HPs)
             Began as a Ghoul Abyssal Knight on July 14, 2022.
             Was a Priest of Lugonu.
             Mangled by an orc wizard
             ... wielding the +9 hand axe of Valour {spect, rPois rC+}
              (9 damage)
             ... on level 4 of the Dungeon.
             The game lasted 00:03:06 (2293 turns).

Malachi the Trooper (Ghoul Abyssal Knight)          Turns: 2293, Time: 00:03:06

Health: -6/47      AC: 12    Str: 19    XL:     5   Next: 94%
Magic:  5/5        EV: 10    Int:  5    God:    Lugonu [***...]
Gold:   91         SH:  0    Dex: 15    Spells: 4/4 levels left

rFire   . . .      SeeInvis .   a - +1 mace
rCold   + . .      Faith    .   (no shield)
rNeg    + + +      Spirit   .   j - +3 scale mail
rPois   ∞          Reflect  .   (no helmet)
rElec   .          Harm     .   b - +0 cloak
rCorr   .          Rampage  .   (no gloves)
Will    .....                   m - +0 pair of boots
Stlth   ..........              (no amulet)
HPRegen 0.00/turn               h - +6 ring of dexterity
MPRegen 0.09/turn               (no ring)

@: inhibited regen
A: claws 1, cold resistance 1, negative energy resistance 3, inhibited
regeneration, torment resistance 2, devour on kill
a: Renounce Religion, Depart the Abyss, Bend Space, Banish


You were on level 4 of the Dungeon.
You worshipped Lugonu.
Lugonu was most pleased with you.
You visited 1 branch of the dungeon, and saw 4 of its levels.
You visited the Abyss 1 time.

You collected 91 gold pieces.

Inventory:

Hand Weapons
 a - a +1 mace (weapon)
Armour
 b - a +0 cloak (worn)
 j - a +3 scale mail (worn)
 m - a +0 pair of boots (worn)
Jewellery
 d - an amulet of guardian spirit
 f - a ring of fire
 h - a +6 ring of dexterity (left claw)
 k - a ring of ice
Scrolls
 c - 2 scrolls of teleportation
 e - a scroll of noise {unknown}
 l - a scroll of amnesia {unknown}
 n - a scroll of enchant weapon {unknown}
 o - a scroll of identify {unknown}
Potions
 g - a potion of attraction {unknown}


   Skills:
 + Level 4.5 Fighting
 + Level 3.5 Maces & Flails
 + Level 2.8 Armour
 + Level 2.0 Dodging
 + Level 2.2 Invocations


You had 4 spell levels left.
You didn't know any spells.
Your spell library contained the following spells:

 Spells                   Type           Power      Damage    Failure   Level
 Summon Hydra             Summ           0%         N/A       100%        7
 Sublimation of Blood     Necr           Unusable   N/A       N/A         2
 Wereblood                Tmut           Unusable   N/A       N/A         2

Dungeon Overview and Level Annotations

Branches:
Dungeon (4/15)
 Temple: D:4-7

Altars:


Innate Abilities, Weirdness & Mutations

You are immune to poison.
You have sharp fingernails.
Your flesh is cold resistant. (rC+)
You are immune to negative energy. (rN+++)
You do not regenerate when monsters are visible.
You are immune to unholy pain and torment.
You thrive by killing the living.


Message History

You are too confused!
You are too confused!
You are too confused!
You are too confused!
You closely miss the orc.
The orc is moderately wounded.
The orc hits you but does no damage. The orc attacks as you move away!
The orc hits you but does no damage. The orc hits you but does no damage.
Something hits you.
You closely miss the orc.
The orc is moderately wounded.
The orc barely misses you. Something hits you.
You hear some strange, mumbled words.
A puff of flame appears from out of thin air!
The puff of flame hits you but does no damage.
The orc attacks as you move away! The orc hits you but does no damage.
You feel less confused. The orc barely misses you.
You hear some strange, mumbled words.
A magic dart appears from out of thin air!
The magic dart hits you but does no damage.
You closely miss the orc.
The orc is moderately wounded.
The orc hits you but does no damage. Something hits you.
You hit the orc.
The orc is almost dead.
The orc hits you with a +0 dagger. Something hits you. x2
The orc hits you but does no damage.
You hit the orc but do no damage.
The orc is almost dead.
The orc hits you but does no damage. Something hits you.
You hit the orc.
You kill the orc!
Lugonu accepts your kill. Something hits you.
You sock something! Something hits you.
You hit something. Something hits you!
* * * LOW HITPOINT WARNING * * *
Something hits you!
You die...

#####.##### ### #.##
...# #).# ##
##...##.####### ..#
...#.##)).....# ...#
..............#....#
.....#...............#
.............)........#
........##)..{@..#....#
........##.......#....#
........##.......#....#
..................#####
.........)............#
#<.....).....####...##
##...................)##
$......................#
.......<.###........####


There were no monsters in sight!

Vanquished Creatures
  A black bear (D:4)
  An orc priest (D:4)
  3 adders (D:4)
  2 worms
  A dart slug (D:1)
  7 orcs
  2 bats (D:1)
  3 endoplasms
  2 giant cockroaches
  13 goblins
  3 hobgoblins
  2 kobolds
  3 quokkas
  3 ball pythons
  3 frilled lizards
  7 rats
56 creatures vanquished.

Notes
Turn   | Place    | Note
-------+----------+-------------------------------------------
     0 | Abyss:1  | Malachi the Ghoul Abyssal Knight began the quest for the
                  | Orb.
     0 | Abyss:1  | Reached XP level 1. HP: 19/19 MP: 1/1
     1 | D:1      | Escaped the Abyss
   138 | D:1      | Reached XP level 2. HP: 22/26 MP: 2/2
   250 | D:1      | Reached skill level 1 in Dodging
   454 | D:1      | Reached skill level 4 in Fighting
   454 | D:1      | Reached XP level 3. HP: 32/33 MP: 3/3
  1478 | D:2      | Reached *** piety under Lugonu
  1933 | D:3      | Reached XP level 4. HP: 40/40 MP: 4/4
  1960 | D:3      | HP: 2/40 [orc/+0 short sword (5)]
  2119 | D:4      | Reached XP level 5. HP: 25/46 MP: 5/5
  2127 | D:4      | Noticed a black bear
  2135 | D:4      | Killed a black bear
  2276 | D:4      | Identified the +9 hand axe of Valour {spect, rPois rC+}
  2293 | D:4      | Mangled by an orc wizard

Illustrated notes

Levels and vault maps discovered:
D:1:      lemuel_arrival_cross, layout_basic
D:2:      layout_basic, hangedman_decor_peaks_small,
          chequers_serial_rivers_room_a, serial_park_tiny_pond,
          grunt_ministairs_10, minmay_3d_cube
D:3:      minmay_general_purpose_star, layout_loops_corners,
          lightli_temple_of_fire, mainiacjoe_overflow_alcove_2,
          okawaru_ov_weapons_minmay, chequers_ecumenical_altar_island
D:4:      layout_rooms, old_standard_altar, serial_shops,
          nicolae_shop_statue_plus

Skill      XL: |  1  2  3  4  5 |
---------------+----------------+-----
Armour         | 2 |  2.8
Dodging        | 1 2 |  2.0
Maces & Flails | 2 3 |  3.5
Fighting       | 4 |  4.5
Invocations    | |  2.2

Action                   |  1- 3 |  4- 6 || total
-------------------------+-------+-------++-------
Melee: Mace              |   101 |    66 ||   167
       Punch             |       |     1 ||     1
  Use: Potion            |       |     5 ||     5
       Scroll            |       |     1 ||     1
 Stab: Invisible         |       |     2 ||     2
Armor: Leather armour    |    16 |       ||    16
       Scale mail        |    25 |    64 ||    89
Dodge: Dodged            |    57 |    80 ||   137

Table legend: (Time is in decaauts)
 A = Elapsed time spent in this place.
 B = Non-inter-level travel time spent in this place.
 C = Inter-level travel time spent in this place.
 D = Time resting spent in this place.
 E = Time spent auto-exploring this place.
 F = Levels seen in this place.
 G = Mean time per level.
                   A        B        C        D        E       F      G
               +--------+--------+--------+--------+--------+-----+--------+
         Total |   2338 |   2203 |    135 |     85 |   1634 |   5 |  467.6 |
       Dungeon |   2337 |   2202 |    135 |     85 |   1634 |   4 |  584.2 |
         Abyss |      1 |      1 |      0 |      0 |      0 |   1 |    1.0 |
               +--------+--------+--------+--------+--------+-----+--------+

Top non-repeatable levels by time:
     D:1: 1188 daAuts
     D:2: 516 daAuts
     D:4: 334 daAuts
     D:3: 297 daAuts
 Abyss:1: 1 daAuts
